 Dungeon Crawl Stone Soup version 0.27.1-34-g3ba077fa99 (webtiles) character file.

Game seed: 7990262791410015722

12472 mcbry74 the Cleaver (level 11, -2/94 HPs)
             Began as a Hill Orc Fighter on Jan 25, 2022.
             Was a Priest of Makhleb.
             Slain by groll's ghost (17 damage)
             ... on level 8 of the Dungeon.
             The game lasted 00:50:49 (15713 turns).

mcbry74 the Cleaver (Hill Orc Fighter)             Turns: 15713, Time: 00:50:50

Health: -2/94      AC: 17    Str: 23    XL:     11   Next: 93%
Magic:  18/18      EV:  9    Int:  8    God:    Makhleb [***...]
Gold:   340        SH: 11    Dex: 10    Spells: 10/10 levels left

rFire    . . .     SeeInvis .   e - +2 hand axe (vorpal)
rCold    + + .     Faith    .   c - +0 kite shield
rNeg     . . .     Spirit   .   P - +0 plate armour
rPois    .         Reflect  .   L - +0 helmet
rElec    .         Harm     .   F - scarf {rC+ rF+}
rCorr    .         Rampage  .   A - +0 pair of gloves
Will     .....                  u - +0 pair of boots
Stlth    ..........             d - amulet of regeneration
HPRegen  1.25/turn              U - +4 ring of evasion
MPRegen  0.16/turn              X - ring of ice

@: no status effects
A: no striking features
a: Renounce Religion, Minor Destruction, Lesser Servant of Makhleb


You were on level 8 of the Dungeon.
You worshipped Makhleb.
Makhleb was most pleased with you.
You visited 3 branches of the dungeon, and saw 13 of its levels.
You also visited: Sewer.

You collected 642 gold pieces.
You spent 302 gold pieces at shops.

Inventory:

Hand Weapons
 e - a +2 vorpal hand axe (weapon)
 M - a +2 mace of protection
 N - a +0 morningstar
Missiles
 g - 84 sling bullets
 s - 45 poisoned darts
 t - a throwing net
 v - 6 boomerangs (quivered)
 z - 8 datura-tipped darts
Armour
 c - a +0 kite shield (worn)
 k - a +0 chain mail
 u - a +0 pair of boots (worn)
 A - a +0 pair of gloves (worn)
 F - a scarf of resistance (worn)
 L - a +0 helmet (worn)
 P - a +0 plate armour (worn)
Jewellery
 b - a ring of poison resistance
 d - an amulet of regeneration (around neck)
 U - a +4 ring of evasion (left hand)
 X - a ring of ice (right hand)
Wands
 p - a wand of iceblast (4)
 x - a wand of paralysis (17)
 H - a wand of mindburst (6)
Scrolls
 a - a scroll of torment {unknown}
 m - 2 scrolls of blinking
 q - a scroll of magic mapping
 w - 5 scrolls of teleportation
 y - 5 scrolls of enchant weapon
 C - a scroll of summoning
 D - a scroll of fog
 E - 2 scrolls of enchant armour
 I - a scroll of amnesia
 W - a scroll of acquirement {unknown}
 Y - a scroll of fear {unknown}
 Z - a scroll of brand weapon {unknown}
Potions
 h - a potion of magic
 j - a potion of cancellation
 n - 2 potions of ambrosia
 r - 4 potions of flight
 B - 5 potions of haste
 J - a potion of lignification


   Skills:
 + Level 7.8 Fighting
 + Level 14.3 Axes
 + Level 5.0 Throwing
 + Level 7.1 Armour
 - Level 7.0 Shields
 * Level 10.4 Invocations
 + Level 5.2 Evocations


You had 10 spell levels left.
You didn't know any spells.
Your spell library contained the following spells:

 Spells                   Type           Power      Damage    Failure   Level
 Passwall                 Tmut/Erth      0%         N/A       100%        2
 Static Discharge         Conj/Air       0%         N/A       100%        2
 Sublimation of Blood     Necr           0%         N/A       100%        2
 Wereblood                Tmut           0%         N/A       100%        2
 Dazzling Flash           Conj/Hex       0%         N/A       100%        3
 Stone Arrow              Conj/Erth      0%         3d7       100%        3
 Swiftness                Air            0%         N/A       100%        3
 Tukima's Dance           Hex            0%         N/A       100%        3
 Animate Armour           Summ/Erth      0%         N/A       100%        4
 Animate Dead             Necr           0%         N/A       100%        4
 Dispel Undead            Necr           0%         3d6       100%        4
 Iskenderun's Mystic Bla  Conj/Tloc      0%         2d3       100%        4
 Passage of Golubria      Tloc           N/A        N/A       100%        4
 Sticky Flame             Conj/Fire      0%         2d3       100%        4
 Alistair's Intoxication  Tmut/Pois      0%         N/A       100%        5
 Blade Hands              Tmut           0%         N/A       100%        5
 Borgnjor's Vile Clutch   Necr/Erth      0%         N/A       100%        5
 Yara's Violent Unravell  Hex/Tmut       0%         3d3       100%        5
 Eringya's Noxious Bog    Tmut/Pois      0%         N/A       100%        6
 Invisibility             Hex            0%         N/A       100%        6
 Iron Shot                Conj/Erth      0%         9d1       100%        6
 Starburst                Conj/Fire      0%         6d3       100%        6
 Haunt                    Necr/Summ      0%         N/A       100%        7
 Summon Hydra             Summ           0%         N/A       100%        7
 Infestation              Necr           0%         N/A       100%        8
 Lehudib's Crystal Spear  Conj/Erth      0%         10d2      100%        8


Dungeon Overview and Level Annotations

Branches:
Dungeon (11/15)            Temple (1/1) D:6            Lair (1/6) D:8
    Orc (0/2) D:10          Sewer (visited)

Altars:
Ashenzari
Dithmenos
Elyvilon
Fedhas
Gozag
Kikubaaqudgha
Makhleb
Ru
Sif Muna
Trog
Wu Jian
Xom
Yredelemnul
Zin
The Shining One

Shops:
D:6 ?   D:8 =   D:10 [

Annotations:
D:8 groll's ghost, journeyman MiBe
D:9 Harold


Message History

Groll's ghost is severely damaged.
You hit groll's ghost but do no damage.
Groll's ghost is severely damaged.
You block groll's ghost's attack.
You hit groll's ghost but do no damage.
Groll's ghost is severely damaged.
You block groll's ghost's attack.
You hit groll's ghost.
Groll's ghost is almost destroyed.
Groll's ghost hits you but does no damage.
You hit groll's ghost but do no damage.
Groll's ghost is almost destroyed.
Your shield and plate armour prevent you from hitting groll's ghost.
Groll's ghost is almost destroyed.
You block groll's ghost's attack.
You hit groll's ghost.
Groll's ghost is almost destroyed.
Groll's ghost hits you!
* * * LOW HITPOINT WARNING * * *
You hit groll's ghost but do no damage.
Groll's ghost is almost destroyed.
You block groll's ghost's attack.
You hit groll's ghost but do no damage.
Groll's ghost is almost destroyed.
You closely miss groll's ghost.
Groll's ghost is almost destroyed.
Groll's ghost hits you but does no damage.
You closely miss groll's ghost.
Groll's ghost is almost destroyed.
Groll's ghost hits you.
* * * LOW HITPOINT WARNING * * *
You hit groll's ghost but do no damage.
Groll's ghost is almost destroyed.
Groll's ghost hits you but does no damage.
You hit groll's ghost but do no damage.
Groll's ghost is almost destroyed.
Press: ? - help, Shift-Dir - straight line, f - groll's ghost
Aim: groll's ghost, wielding a vampiric weapon (almost destroyed) Groll's ghost is unaffected.
Groll's ghost hits you!
You die...

.# #.# #..[...≈..........#.#..♣♣
.###.####....≈.≈.≈...≈.....#...♣♣
........>......≈≈.≈≈≈....#.#.....
####.###...≈≈≈≈.≈≈≈≈≈.≈..........
# #.# #....≈≈≈≈≈≈≈≈≈≈.....#..##.
####.# #....≈≈≈≈≈≈≈≈≈≈≈≈.###..##.
.....# ##.≈≈≈≈.≈.≈.≈≈≈≈≈.# ##....
###### #..≈≈≈....≈≈≈≈≈≈.# #.... #
#..≈≈.≈.@.≈≈≈≈≈≈.# #....
#########.≈≈≈≈.W..≈≈≈≈≈≈.# #.##.
...........≈≈≈....≈≈≈≈≈≈.# #.###
...........≈≈≈.≈.≈.≈≈≈≈..# #.###
##.######...≈≈≈≈.≈.≈≈≈...# #....
##.# #...≈≈≈≈.≈≈≈≈≈...# #####
##)######..≈≈≈≈≈.≈≈≈..≈..# #
..?[z......≈≈≈≈≈.≈≈≈≈....# #
...###.##.≈.≈≈.≈.≈≈≈.≈..## #


You could see groll's ghost.

Vanquished Creatures
  Fannar (D:10)
  3 two-headed ogres
  A spectral hydra (D:8)
  A black mamba (Lair:1)
  2 cane toads
  An unseen horror (D:9)
  A komodo dragon (Lair:1)
  A troll (D:8)
  A hornet (D:9)
  A spectral dream sheep (D:8)
  A spectral black mamba (D:8)
  A shadow (D:10)
  10 yaks
  Eustachio (D:4)
  A steam dragon (D:8)
  A hydra simulacrum (Lair:1)
  2 water moccasins
  Duvessa (D:5)
  A boulder beetle simulacrum (Lair:1)
  9 orc warriors
  3 necrophages
  An ogre (D:4)
  3 centaurs
  9 wolves
  2 bullfrogs
  2 gnoll sergeants
  Dowan (D:5)
  A jelly (D:7)
  10 wights
  An electric eel (D:8)
  4 howler monkeys
  2 centaur zombies (D:9)
  A komodo dragon simulacrum (Lair:1)
  6 hounds
  12 orc priests
  A gnoll shaman (D:6)
  A centaur skeleton (D:6)
  2 bullfrog skeletons (D:6)
  4 iguanas
  11 orc wizards
  Terence (D:2)
  A killer bee zombie (D:8)
  A howler monkey zombie (D:7)
  11 gnolls
  6 adders
  2 white imps
  2 ufetubi
  7 worms
  3 dart slugs
  67 orcs
  4 ball pythons
  10 endoplasms
  9 giant cockroaches
  4 hobgoblins
  4 jackals (Sewer)
  4 quokkas
  10 bats
  4 frilled lizards
  11 goblins
  9 kobolds
  A rat (D:2)
289 creatures vanquished.

Vanquished Creatures (collateral kills)
  2 yaks (D:8)
2 creatures vanquished.

Vanquished Creatures (others)
  An orc wizard (D:10)
  A butterfly (D:7)
  A fungus (Lair:1)
  10 plants
13 creatures vanquished.

Grand Total: 304 creatures vanquished

Notes
Turn   | Place    | Note
-------+----------+-------------------------------------------
     0 | D:1      | mcbry74 the Hill Orc Fighter began the quest for the Orb.
     0 | D:1      | Reached XP level 1. HP: 19/19 MP: 1/1
   114 | D:1      | Reached skill level 3 in Axes
   188 | D:1      | Reached XP level 2. HP: 22/26 MP: 2/2
   396 | D:1      | Reached skill level 4 in Axes
   809 | D:1      | Reached XP level 3. HP: 19/31 MP: 3/3
  1238 | D:2      | Reached skill level 5 in Axes
  1538 | D:2      | Noticed Terence
  1553 | D:2      | Killed Terence
  1554 | D:2      | Reached skill level 6 in Axes
  1554 | D:2      | Reached XP level 4. HP: 16/39 MP: 4/4
  2120 | D:2      | Found a faded altar of an unknown god.
  2585 | D:3      | Reached XP level 5. HP: 39/45 MP: 5/5
  2765 | D:3      | Reached skill level 7 in Axes
  3822 | D:4      | Noticed an ogre
  3838 | D:4      | Killed an ogre
  3839 | D:4      | Reached skill level 8 in Axes
  3839 | D:4      | Reached XP level 6. HP: 36/51 MP: 6/6
  4462 | D:4      | Reached skill level 9 in Axes
  4700 | D:4      | Noticed Eustachio
  4718 | D:4      | Killed Eustachio
  4719 | D:4      | Reached XP level 7. HP: 56/57 MP: 7/7
  5029 | D:5      | Entered Level 5 of the Dungeon
  5058 | D:5      | Found an ancient bone altar of Kikubaaqudgha.
  5140 | D:5      | Reached skill level 10 in Axes
  5324 | D:5      | Found a glowing drain.
  5346 | Sewer    | Entered a sewer
  6390 | D:5      | Noticed Dowan
  6391 | D:5      | Noticed Duvessa
  6406 | D:5      | Killed Dowan
  6407 | D:5      | Reached skill level 11 in Axes
  6413 | D:5      | Killed Duvessa
  6414 | D:5      | Reached XP level 8. HP: 15/64 MP: 8/8
  6754 | D:6      | Found a shimmering altar of Xom.
  6890 | D:6      | Reached skill level 12 in Axes
  6970 | D:6      | Found Wuul's Magic Scroll Boutique.
  7064 | D:6      | Bought a scroll of identify for 22 gold pieces
  7262 | D:6      | Found a glowing golden altar of the Shining One.
  7538 | D:6      | Found a shadowy altar of Dithmenos.
  7839 | D:6      | Found a staircase to the Ecumenical Temple.
  7858 | D:6      | Reached skill level 13 in Axes
  7958 | Temple   | Entered the Ecumenical Temple
  8045 | Temple   | Became a worshipper of Makhleb the Destroyer
  8504 | D:7      | Reached skill level 1 in Invocations
  8577 | D:7      | Reached skill level 1 in Throwing
  8598 | D:7      | Reached XP level 9. HP: 29/70 MP: 11/11
  8922 | D:7      | Found a white marble altar of Elyvilon.
  9373 | D:7      | Noticed a hornet
 10214 | D:7      | Reached skill level 1 in Evocations
 10228 | D:8      | Reached * piety under Makhleb
 10318 | D:8      | Noticed a troll
 10334 | D:8      | Killed a troll
 10335 | D:8      | Reached skill level 5 in Fighting
 10657 | D:8      | Reached skill level 5 in Invocations
 11042 | D:8      | Reached skill level 5 in Shields
 11050 | D:8      | Reached skill level 5 in Armour
 11064 | D:8      | Reached XP level 10. HP: 21/81 MP: 14/14
 11490 | D:8      | Noticed a two-headed ogre
 11498 | D:8      | Killed a two-headed ogre
 11748 | D:8      | Found a staircase to the Lair.
 11856 | D:8      | Found Byse Fee's Jewellery Boutique.
 11955 | D:8      | Found an ornate altar of the Wu Jian Council.
 12412 | D:9      | Found a bloodstained altar of Trog.
 12437 | D:9      | Noticed a two-headed ogre
 12446 | D:9      | Killed a two-headed ogre
 12714 | D:9      | Killed an unseen horror
 12897 | D:9      | Noticed Harold
 13046 | D:10     | Entered Level 10 of the Dungeon
 13197 | D:10     | Reached ** piety under Makhleb
 13272 | D:10     | Noticed Fannar
 13292 | D:10     | Killed Fannar
 13293 | D:10     | Reached XP level 11. HP: 88/91 MP: 17/17
 13364 | D:10     | Noticed a two-headed ogre
 13408 | D:10     | Killed a two-headed ogre
 13481 | D:10     | Found a staircase to the Orcish Mines.
 13726 | D:10     | Reached *** piety under Makhleb
 13863 | D:10     | Found Banoheis's Antique Armour Emporium.
 14148 | Lair:1   | Entered Level 1 of the Lair of Beasts
 14403 | D:8      | Bought a ring of poison resistance for 280 gold pieces
 14445 | Lair:1   | Found a runed translucent gate.
 14445 | Lair:1   | Found a runed translucent gate.
 14445 | Lair:1   | Found a runed translucent gate.
 14457 | Lair:1   | Noticed groll's ghost (journeyman MiBe)
 14629 | Lair:1   | Reached skill level 14 in Axes
 14802 | Lair:1   | Reached skill level 10 in Invocations
 14822 | Lair:1   | Reached skill level 5 in Evocations
 15419 | Lair:1   | Reached skill level 5 in Throwing
 15713 | D:8      | Slain by groll's ghost

Illustrated notes

Levels and vault maps discovered:
D:1:      matt_arrival_spirals, layout_basic, minmay_strange_pillars,
          minmay_misc_feat_secret_circle, st_stairs_13, minmay_misc_feat_five,
          minmay_heptomino_o4
D:2:      cheibrodos_helix_gallery, layout_loops_cross,
          shapermc_ecumenical_altar_mp_vishouse, uniq_terence
D:3:      layout_basic, chequers_serial_rivers_micro_e, solitary_fountain,
          guppyfry_early_lair_pool
D:4:      layout_basic, uniq_eustachio
D:5:      layout_loops_ring, kiku_gazebo_garden_becter, gup_sewer_entry_pipe,
          uniq_duvessa
D:6:      layout_basic, lemuel_round_altar,
          nicolae_dithmenos_through_a_glass_darkly,
          mainiacjoe_overflow_small_starburst, minmay_temple_entry_proselytizer,
          serial_shops, nicolae_inconvenience_store
D:7:      layout_basic, nicolae_elyvilon_peaceful_grove
D:8:      layout_loops_ring, nicolae_wu_jian_wuxing_cycle, erik_lair_island,
          serial_shops, shop, eino_curves_03
D:9:      layout_basic, nicolae_overflow_hidden_temple, uniq_harold
D:10:     layout_gridville, hiddenorc2_lemuel, serial_shops, shop, uniq_fannar
D:11:     layout_roguey, gammafunk_ghost_stat_death, chequers_jeans,
          minmay_misc_feat_pillars
Temple:   regret_index_temple_generic_petals
Lair:1:   layout_misc_corridors, gammafunk_ghost_necromancy, minivault_25,
          grunt_forest_stairs_basic, lemuel_fruit_fields, lemuel_fruit_tree

Skill      XL: |  1  2  3  4  5  6  7  8  9 10 11 |
---------------+----------------------------------+-----
Axes           | 3 4 6 8 9 11 13 14 | 14.3
Invocations    | 3 6 8 10 | 10.4
Fighting       | 4 5 6 7 |  7.8
Throwing       | 1 3 4 5 |  5.0
Armour         | 5 6 7 |  7.1
Shields        | 5 6 7 |  7.0
Evocations     | 2 4 5 |  5.2

Action                   |  1- 3 |  4- 6 |  7- 9 | 10-12 || total
-------------------------+-------+-------+-------+-------++-------
Melee: War axe           |   113 |   127 |   204 |       ||   444
       Hand axe          |       |       |   297 |   645 ||   942
Throw: Dart              |       |     4 |    16 |     8 ||    28
       Boomerang         |       |       |       |     2 ||     2
Invok: Minor Destruction |       |       |       |     7 ||     7
       Lesser Servant of |       |       |       |     2 ||     2
Evoke: Wand              |       |       |       |     4 ||     4
  Use: Potion            |       |     1 |     6 |     4 ||    11
       Scroll            |       |       |    15 |     3 ||    18
 Stab: Paralysed         |       |       |       |     9 ||     9
Armor: Scale mail        |    55 |    22 |       |       ||    77
       Chain mail        |       |    19 |   207 |   166 ||   392
       Skin              |       |       |       |    25 ||    25
       Plate armour      |       |       |       |    59 ||    59
Dodge: Dodged            |    68 |    33 |   137 |   174 ||   412
Block: Kite shield       |    92 |    47 |   249 |   258 ||   646
